 Dungeon Crawl Stone Soup version 0.32-a0-128-g77eb882913 (webtiles) character file.

Game seed: 4174157067215102372

169 lunkers the Cudgeller (level 5, -5/50 HPs)
             Began as an Oni Gladiator on Feb 7, 2024.
             Slain by an iguana (6 damage)
             ... on level 3 of the Dungeon.
             The game lasted 00:04:16 (2125 turns).

lunkers the Cudgeller (Oni Gladiator)               Turns: 2125, Time: 00:04:17

Health: -5/50      AC:  4    Str: 20    XL:     5   Next: 50%
Magic:  5/5        EV: 10    Int:  9    God:
Gold:   142        SH:  0    Dex: 10    Spells: 4/4 levels left

rFire   . . .        a - +0 flail
rCold   . . .        (no shield)
rNeg    . . .        b - +0 robe
rPois   .            c - +0 hat
rElec   .            m - +0 cloak
rCorr   .            (gloves unavailable)
SInv    .            (boots unavailable)
Will    .....        (no amulet)
Stlth   +            (no ring)
HPRegen 0.28/turn    (no ring)
MPRegen 0.09/turn

%: no passive effects
@: no status effects
A: large, unfitting armour, horns 1, tough skin 1, double potion healing,
drunken brawling
a: no special abilities


You were on level 3 of the Dungeon.
You visited 1 branch of the dungeon, and saw 3 of its levels.

You collected 142 gold pieces.

Inventory:

Hand Weapons
 a - a +0 flail (weapon)
Missiles
 d - 3 throwing nets
 e - 5 large rocks
Armour
 b - a +0 robe (worn)
 c - a +0 hat (worn)
 m - a +0 cloak (worn)
Jewellery
 h - a ring of poison resistance
Scrolls
 f - a scroll of immolation {unknown}
 i - 2 scrolls of teleportation {unknown}
 j - a scroll of enchant armour {unknown}
 l - a scroll of identify {unknown}
Potions
 g - a potion of degeneration {unknown}
 k - a potion of lignification {unknown}


   Skills:
 - Level 2.6 Fighting
 * Level 6.0 Maces & Flails
 - Level 2.0 Throwing
 - Level 2.6 Dodging


You had 4 spell levels left.
You didn't know any spells.
Your spell library contained the following spells:

 Spells                   Type           Power      Damage    Failure   Level
 Freeze                   Ice            0%         1d3       38%         1
 Frozen Ramparts          Ice            0%         1d1       77%         3
 Hailstorm                Conj/Ice       0%         3d5       77%         3
 Tukima's Dance           Hex            0%         N/A       77%         3
 Dimensional Bullseye     Hex/Tloc       0%         N/A       99%         4
 Iskenderun's Mystic Bla  Conj/Tloc      0%         2d3       99%         4


Dungeon Overview and Level Annotations

Branches:
Dungeon (3/15)

Altars:


Innate Abilities, Weirdness & Mutations

You are too large for most types of armour.
You have a pair of small horns on your head.
You have tough skin. (AC +1)
You gain doubled healing and magic from potions.
Whenever you drink a healing potion, you attack all around you.


Message History

You are too injured to fight recklessly!
You are too injured to fight recklessly!
You are too injured to fight recklessly!
You are too injured to fight recklessly!
You are too injured to fight recklessly!
You are too injured to fight recklessly!
You are too injured to fight recklessly!
You are too injured to fight recklessly!
You are too injured to fight recklessly!
You are too injured to fight recklessly!
You are too injured to fight recklessly!
You barely miss the iguana.
The iguana is moderately wounded.
The iguana bites you!
* * * LOW HITPOINT WARNING * * *
You barely miss the iguana. Your headbutt misses the iguana.
You punch the iguana.
The iguana is heavily wounded.
The iguana bites you but does no damage.
You hit the iguana but do no damage.
The iguana is heavily wounded.
The iguana bites you.
* * * LOW HITPOINT WARNING * * *
You completely miss the iguana. Your headbutt misses the iguana.
The iguana is heavily wounded.
The iguana bites you!
* * * LOW HITPOINT WARNING * * *
You hit the iguana. Your headbutt misses the iguana.
Your punch misses the iguana.
The iguana is severely wounded.
The iguana barely misses you. x2
Unknown command.
You barely miss the iguana.
The iguana is severely wounded.
The iguana bites you.
* * * LOW HITPOINT WARNING * * *
You barely miss the iguana. Your headbutt misses the iguana.
The iguana is severely wounded.
The iguana bites you.
You die...

#. .... ..#.. #..
...##.....
#..##..........
#...........=..
.............
###.........###
#.....l........
#...@.....# #...).....#
#.........#
##.........#
#....<.....#
.............#
.............#
.............########..
...........#..)........


You could see an iguana.

Vanquished Creatures
  A bombardier beetle (D:3)
  Crazy Yiuf (D:2)
  3 gnolls (D:2)
  An adder (D:2)
  3 ribbon worms (D:2)
  A dart slug (D:1)
  2 orcs
  5 ball pythons
  6 bats
  5 endoplasms
  3 giant cockroaches
  5 goblins
  3 hobgoblins
  4 jackals (D:3)
  4 kobolds
  A quokka (D:2)
  3 frilled lizards
  3 rats (D:1)
54 creatures vanquished.

Notes
Turn   | Place    | Note
-------+----------+-------------------------------------------
     0 | D:1      | lunkers the Oni Gladiator began the quest for the Orb.
     0 | D:1      | Reached XP level 1. HP: 22/22 MP: 1/1
   168 | D:1      | Reached XP level 2. HP: 29/29 MP: 2/2
   231 | D:1      | Reached skill level 4 in Maces & Flails
   354 | D:1      | Reached XP level 3. HP: 36/36 MP: 3/3
   877 | D:2      | Upgraded the game from 0.32-a0-120-gfac0567ad4 to
                  | 0.32-a0-128-g77eb882913
  1211 | D:2      | Reached XP level 4. HP: 44/44 MP: 4/4
  1338 | D:2      | Found a runed translucent door.
  1339 | D:2      | Noticed Crazy Yiuf
  1437 | D:2      | Found a faded altar of an unknown god.
  1437 | D:2      | Noticed a great orb of eyes
  1440 | D:2      | Noticed a glass eye
  1440 | D:2      | Noticed a shining eye
  1440 | D:2      | Noticed a great orb of eyes
  1458 | D:2      | Reached skill level 5 in Maces & Flails
  1840 | D:2      | Killed Crazy Yiuf
  1841 | D:2      | Reached XP level 5. HP: 12/50 MP: 5/5
  2085 | D:3      | Reached skill level 6 in Maces & Flails
  2124 | D:3      | HP: 1/50 [iguana (3)]
  2125 | D:3      | Slain by an iguana

Illustrated notes

Levels and vault maps discovered:
D:1:      lordsloth_arrival_two_stooges, layout_loops_ring, serial_forest,
          infiniplex_forest_straight_3, infiniplex_forest_end_2,
          infiniplex_forest_lined_room_3, infiniplex_forest_straight_2,
          infiniplex_forest_clump_small, infiniplex_forest_straight_3,
          infiniplex_forest_lined_3
D:2:      layout_loops_ring, hellmonk_ecumenical_altar_watching_god,
          minmay_misc_feat_encased, uniq_crazy_yiuf_cottage
D:3:      layout_rooms, nicolae_overflow_hallway_of_the_gods, serial_curves,
          eino_curves_03, eino_curves_02, serial_shops, nicolae_shop_crystal

Skill      XL: |  1  2  3  4  5 |
---------------+----------------+-----
Maces & Flails | 4 5 6 |  6.0
Fighting       | |  2.6
Throwing       | |  2.0
Dodging        | |  2.6

Action                     |  1- 3 |  4- 6 || total
---------------------------+-------+-------++-------
  Melee: Flail             |    94 |    66 ||   160
         Headbutt          |    12 |     9 ||    21
         Punch             |     3 |     3 ||     6
   Stab: Sleeping          |     2 |       ||     2
 Armour: Robe              |    68 |    50 ||   118
  Dodge: Dodged            |    47 |    31 ||    78

Table legend: (Time is in decaauts)
 A = Elapsed time spent in this place.
 B = Non-inter-level travel time spent in this place.
 C = Inter-level travel time spent in this place.
 D = Time resting spent in this place.
 E = Time spent auto-exploring this place.
 F = Levels seen in this place.
 G = Mean time per level.
                   A        B        C        D        E       F      G
               +--------+--------+--------+--------+--------+-----+--------+
         Total |   2152 |   2068 |     84 |      0 |   1689 |   3 |  717.3 |
       Dungeon |   2152 |   2068 |     84 |      0 |   1689 |   3 |  717.3 |
               +--------+--------+--------+--------+--------+-----+--------+

Top non-repeatable levels by time:
     D:2: 1296 daAuts
     D:1: 777 daAuts
     D:3: 78 daAuts
